Map: Incorporeal LE

Players

Milk

  • Race: Terran Terran
  • League: Diamond
  • Spawn Location: 11:00

SubN - Winner!

  • Race: Zerg Zerg
  • League: Diamond
  • Spawn Location: 5:00

VOD

Have the link to the VOD?

Description

Time

  • Played on: July 26, 2025, 11:53 p.m.
  • Length: 20:09
Show
View Real Time Build Order
Export as new Build Order

Milk Terran 

Build Orders:  

Get SALT Encoding   

  12  0:01  SCV  
  13  0:13  SCV  
  14  0:17  Supply Depot  
  14  0:25  SCV  
  15  0:38  SCV  
  15  0:40  Barracks  
  16  0:43  Refinery  
  16  0:50  SCV  
  17  1:03  SCV  
  18  1:15  SCV  
  19  1:27  Orbital Command, Barracks Reactor  
  19  1:39  Command Center  
  19  1:47  Supply Depot  
  19  1:52  SCV  
  20  1:59  Bunker  
  20  2:04  Marine, SCV  
  20  2:07  Marine  
  23  2:17  SCV  
  23  2:19  Factory  
  24  2:26  Marine x2  
  25  2:42  SCV  
  25  2:50  Refinery  
  25  2:52  Barracks  
  25  2:53  Orbital Command  
  25  2:54  SCV  
  26  3:06  Factory Reactor, SCV  
  26  3:08  Starport  
  27  3:18  SCV  
  28  3:20  Marine  
  28  3:21  Marine  
  28  3:26  SCV  
  31  3:31  SCV  
  32  3:38  SCV  
  32  3:40  Barracks Tech Lab  
  33  3:47  Supply Depot, Starport Reactor  
  33  3:52  SCV x2  
  33  3:55  Medivac x2  
  39  3:56  Marine x2, Widow Mine  
  43  4:02  Supply Depot  
  43  4:04  SCV  
  43  4:05  Marine, SCV  
  43  4:09  Supply Depot  
  46  4:16  Marine x2, SCV  
  50  4:17  Stimpack, SCV  
  50  4:22  Marine  
  51  4:26  Supply Depot  
  51  4:29  SCV  
  51  4:30  SCV  
  53  4:33  Marine  
  53  4:34  Marine  
  55  4:41  SCV  
  55  4:42  SCV  
  57  4:47  Command Center  
  57  4:54  SCV x2  
  57  4:58  Barracks  
  59  5:01  Marine x2  
  59  5:02  Marine  
  59  5:03  Barracks  
  59  5:05  Factory Reactor  
  59  5:06  SCV  
  59  5:07  SCV  
  61  5:29  Marine x2  
  61  5:30  Marine  
  61  5:33  Medivac x2  
  61  5:34  SCV x2  
  70  5:40  Refinery  
  70  5:41  Refinery  
  70  5:46  SCV x2  
  70  5:47  Marine  
  73  5:51  Marine  
  73  5:54  Barracks Tech Lab x2  
  74  5:57  Barracks  
  74  5:58  Engineering Bay, SCV  
  74  6:02  Marine, Combat Shield  
  76  6:05  Marine, SCV  
  76  6:07  Widow Mine x2  
  76  6:09  Marine  
  83  6:17  Marine  
  83  6:18  Marine, Concussive Shells  
  85  6:20  Marauder  
  85  6:23  Marine  
  85  6:24  Engineering Bay, Terran Infantry Weapons Level 1, Armory  
  85  6:25  SCV x2  
  90  6:34  Supply Depot  
  90  6:36  Orbital Command  
  90  6:37  Marine, SCV x2  
  93  6:45  Barracks Tech Lab  
  93  6:52  Marine  
  93  6:53  Marauder, SCV  
  93  6:55  Marine  
  93  6:56  Marauder x2, Supply Depot  
  93  7:09  Marauder, Marine  
  93  7:13  Marine  
  93  7:15  Marauder  
  99  7:17  Marauder  
  99  7:18  Marine  
  99  7:20  Widow Mine x2, Medivac  
  108  7:27  Marine  
  109  7:52  Supply Depot  
  109  7:53  Command Center  
  109  8:09  Marauder, Marine x3, SCV x2  
  109  8:12  Marauder  
  108  8:13  Marauder, Medivac  
  108  8:14  Supply Depot  
  107  8:21  SCV x2  
  107  8:22  SCV  
  107  8:26  Supply Depot  
  110  8:27  Marauder, Marine x2  
  110  8:28  Barracks  
  110  8:30  Widow Mine  
  116  8:35  Factory  
  116  8:36  Marauder x3, Widow Mine  
  116  8:37  Refinery  
  116  8:39  Refinery  
  124  8:45  Marine  
  124  8:46  Command Center  
  124  8:48  Missile Turret, Marine, Medivac x2  
  130  8:50  Terran Infantry Weapons Level 2, Supply Depot, Missile Turret  
  130  8:51  Terran Infantry Armor Level 1, Widow Mine  
  130  8:55  Missile Turret  
  132  9:00  Missile Turret  
  132  9:02  SCV  
  133  9:03  Missile Turret  
  133  9:05  Widow Mine  
  133  9:08  Marauder x2, Marine x2  
  133  9:09  Bunker, SCV  
  142  9:16  Supply Depot, Barracks Tech Lab  
  142  9:21  Barracks  
  142  9:22  Missile Turret  
  142  9:25  Factory Tech Lab  
  142  9:27  SCV  
  142  9:28  SCV x2  
  142  9:29  Marine  
  142  9:30  Starport  
  146  9:39  SCV  
  143  9:48  SCV x2  
  143  9:50  Missile Turret  
  143  9:51  Marine  
  143  9:52  Marine x6  
  152  10:06  SCV x2  
  152  10:09  Marine  
  152  10:13  Planetary Fortress  
  153  10:14  SCV  
  153  10:18  SCV x2  
  151  10:26  SCV  
  137  10:30  SCV x2  
  139  10:39  SCV  
  139  10:42  SCV x2  
  130  10:43  Marauder  
  130  10:44  Marauder x2, Marine x2  
  130  10:45  Marine x2  
  130  10:49  Missile Turret  
  140  10:51  Missile Turret, SCV  
  140  10:53  SCV  
  140  10:54  Orbital Command, SCV x2  
  140  10:55  Missile Turret  
  140  10:57  Command Center  
  144  11:00  Ghost Academy, Starport Reactor  
  144  11:02  Drilling Claws, Marine x2, Widow Mine x2  
  144  11:03  Marauder x2  
  154  11:04  Marine  
  154  11:06  Terran Infantry Armor Level 2  
  154  11:10  Barracks Tech Lab  
  147  11:21  Marauder x2, Marine x2  
  147  11:22  Medivac x2  
  147  11:23  Marauder, Widow Mine x2  
  147  11:24  Marine  
  147  11:25  Siege Tank  
  167  11:27  Terran Vehicle And Ship Armor Level 1  
  167  11:28  Terran Infantry Weapons Level 3  
  167  11:38  Missile Turret  
  167  11:42  Bunker  
  167  11:44  Widow Mine x2  
  171  11:52  Refinery  
  171  11:57  Refinery, Command Center  
  171  11:59  Missile Turret  
  193  12:08  Widow Mine x2  
  193  12:14  Supply Depot  
  193  12:16  Command Center  
  193  12:21  Viking  
  193  12:28  Marine  
  169  12:34  Marauder, Unknown x2  
  169  12:37  Marauder x2, Unknown x4, Supply Depot  
  172  13:02  Unknown  
  140  13:06  Marauder x3, Marine  
  140  13:07  Marauder, Marine  
  140  13:08  SCV x2  
  140  13:09  SCV x2  
  150  13:24  Marine x2  
  152  13:27  Marauder, Marine x2  
  152  13:28  Marauder  
  151  13:35  Marauder x2, Unknown x2  
  151  13:42  Marine x2  
  151  13:45  Marauder x2  
  151  13:47  Command Center  
  151  13:48  Marine  
  155  13:49  Marine  
  155  13:50  SCV x2  
  159  13:56  Command Center, Marine x2  
  159  13:57  Command Center  
  159  14:01  Marine x2  
  163  14:03  Orbital Command  
  163  14:06  Marauder x2, Planetary Fortress  
  163  14:07  Marauder x2  
  171  14:14  Marauder x2  
  175  14:19  Terran Infantry Armor Level 3, Neosteel Armor, Marine x2  
  175  14:21  Terran Vehicle Weapons Level 1  
  175  14:22  Fusion Core  
  177  14:28  Personal Cloaking  
  177  14:30  SCV x2  
  179  14:32  Medivac  
  179  14:33  Medivac  
  179  14:35  Medivac  
  179  14:37  Medivac  
  187  14:57  Factory Tech Lab  
  187  14:59  Missile Turret  
  187  15:03  Bunker  
  187  15:04  Factory  
  187  15:05  Engineering Bay  
  187  15:11  Siege Tank  
  187  15:12  Armory  
  187  15:13  Liberator x2  
  196  15:15  Liberator  
  196  15:18  Missile Turret  
  196  15:20  Caduceus Reactor, Planetary Fortress  
  199  15:34  Missile Turret  
  185  16:00  Missile Turret  
  185  16:02  Marauder x3, Marine x4  
  143  16:05  Siege Tank x2  
  143  16:07  Marauder  
  138  16:19  Marine x2  
  138  16:20  Marauder x2, Liberator x4  
  138  16:23  Marauder, Marine x2  
  160  16:28  Marine  
  161  16:37  Cyclone, Marine x2  
  161  16:38  Bunker  
  166  16:40  Marine  
  166  16:41  Marine x2  
  166  16:43  Terran Vehicle And Ship Armor Level 2  
  166  16:44  Terran Ship Weapons Level 1  
  166  16:45  Orbital Command  
  166  16:46  Marauder x2  
  176  16:55  Marine x2  
  176  16:58  Marine x2  
  176  16:59  Marine  
  181  17:07  Marine  
  182  17:09  Marauder  
  182  17:10  Medivac x3  
  182  17:13  Marine  
  182  17:14  Marauder, Unknown  
  193  17:17  Marauder  
  164  17:39  Marauder x3  
  164  17:40  Marauder x3, Marine  
  164  17:41  Marine  
  164  17:42  Advanced Ballistics  
  178  17:45  Hi-Sec Auto Tracking  
  178  17:57  Marine  
  178  17:58  Marine, SCV x4  
  181  17:59  Command Center  
  181  18:01  Marauder  
  181  18:03  Planetary Fortress  
  186  18:09  Siege Tank  
  186  18:10  SCV  
  192  18:13  Widow Mine  
  192  18:15  Marine x4  
  198  18:34  Widow Mine  
  198  18:42  Widow Mine  
  199  18:55  Widow Mine  
  199  19:02  Viking x4  
  186  19:03  Widow Mine  
  186  19:07  Starport  
  190  19:11  Command Center  
  190  19:12  Planetary Fortress  
  190  19:14  Refinery  
  190  19:16  Refinery  
  190  19:30  Missile Turret  
  190  19:50  Sensor Tower  
Show
View Real Time Build Order
Export as new Build Order

SubN Zerg - Winner!

Build Orders: Pool First 

Get SALT Encoding   

  12  0:00  Drone  
  13  0:12  Overlord  
  13  0:17  Drone  
  14  0:30  Drone x2  
  16  0:40  Spawning Pool  
  15  0:44  Drone  
  15  0:47  Drone  
  17  0:55  Drone  
  18  1:10  Hatchery  
  17  1:13  Drone  
  17  1:18  Extractor  
  17  1:29  Zergling x4  
  19  1:33  Queen  
  21  1:41  Overlord  
  21  1:53  Drone  
  22  2:03  Drone  
  23  2:10  Queen  
  25  2:16  Drone  
  25  2:41  Drone x2  
  25  2:42  Drone x5  
  25  2:43  Queen  
  34  2:50  Lair  
  34  2:51  Extractor  
  32  2:56  Overlord  
  32  3:06  Drone x3  
  35  3:14  Drone x2  
  37  3:25  Drone  
  37  3:26  Drone x2  
  40  3:27  Drone  
  40  3:32  Drone x2  
  43  3:36  Baneling Nest  
  43  3:39  Roach Warren  
  41  3:46  Evolution Chamber  
  41  3:47  Drone x2  
  43  3:53  Evolution Chamber  
  42  3:58  Drone  
  42  3:59  Overlord x3  
  43  4:17  Queen x2  
  43  4:19  Drone x5  
  43  4:20  Extractor  
  51  4:26  Zerg Melee Weapons Level 1, Centrifugal Hooks  
  51  4:29  Zerg Ground Armor Level 1  
  51  4:35  Drone  
  52  4:39  Drone  
  53  4:47  Zergling x2  
  53  4:48  Zergling x10  
  59  4:56  Zergling x4  
  59  4:57  Zergling x4  
  59  4:58  Baneling  
  63  5:09  Metabolic Boost, Baneling x4  
  63  5:10  Baneling  
  59  5:41  Queen  
  59  5:42  Drone x2, Extractor  
  62  5:43  Drone  
  62  5:44  Drone  
  62  5:45  Drone  
  62  5:49  Zergling x2  
  65  5:50  Zergling x4  
  67  5:58  Hatchery  
  66  6:09  Spire  
  66  6:10  Baneling x6  
  66  6:11  Overlord x2, Baneling  
  65  6:12  Overlord x3  
  65  6:25  Zerg Melee Weapons Level 2  
  66  6:40  Zergling x14  
  67  7:04  Drone x5  
  71  7:15  Drone x2  
  73  7:16  Queen  
  75  7:33  Drone x5, Extractor  
  75  7:34  Extractor  
  75  7:44  Overlord  
  75  7:46  Overlord  
  75  7:48  Drone x3  
  72  8:17  Drone x5  
  72  8:18  Drone x2  
  73  8:22  Mutalisk  
  73  8:23  Mutalisk x5  
  73  8:25  Overseer  
  73  8:26  Queen  
  85  8:30  Queen  
  85  8:32  Mutalisk x2  
  85  8:33  Mutalisk x2  
  96  8:43  Drone x2  
  96  8:44  Drone x2  
  100  8:54  Zerg Ground Armor Level 2  
  100  8:56  Zerg Flyer Weapons Level 1  
  100  8:58  Hatchery  
  100  8:59  Mutalisk x5  
  100  9:00  Mutalisk, Infestation Pit  
  100  9:02  Queen  
  112  9:11  Queen  
  112  9:12  Zergling x2  
  112  9:13  Zergling x14  
  112  9:16  Baneling x6  
  122  9:23  Overseer  
  122  9:24  Overlord  
  122  9:36  Overlord x4  
  115  9:57  Zergling x28  
  122  10:10  Zergling x8  
  122  10:11  Zergling x6  
  122  10:12  Baneling  
  122  10:13  Baneling x6  
  127  10:14  Queen  
  127  10:16  Overlord  
  104  10:29  Zergling x2  
  104  10:30  Zergling x10  
  105  10:44  Infestor x2, Hive  
  105  10:45  Infestor x3  
  105  10:48  Zergling x12  
  121  11:00  Extractor  
  121  11:01  Drone x8  
  121  11:02  Extractor  
  126  11:18  Baneling x9  
  124  11:19  Baneling  
  124  11:22  Drone x3  
  124  11:23  Drone x3  
  124  11:24  Drone x2  
  124  11:25  Drone x5  
  137  11:42  Mutalisk x7  
  137  11:46  Zerg Flyer Weapons Level 2  
  151  11:49  Overseer  
  151  11:55  Overlord x4  
  151  11:57  Overseer  
  151  12:01  Hatchery  
  150  12:10  Adrenal Glands  
  115  12:38  Zergling x18  
  115  12:39  Zergling x32  
  101  13:29  Hatchery  
  92  13:40  Infestor x4  
  94  13:54  Zergling x18  
  94  13:55  Zergling x4  
  105  13:59  Hatchery  
  104  14:03  Ultralisk Cavern  
  104  14:05  Zerg Melee Weapons Level 3  
  103  14:11  Mutalisk x4  
  103  14:15  Baneling x12  
  103  14:16  Baneling x5  
  111  14:22  Drone  
  112  14:27  Zergling x8  
  112  14:28  Zergling x4  
  118  14:34  Overlord x3  
  118  14:44  Zergling x2  
  119  14:46  Queen  
  121  14:54  Chitinous Plating  
  121  14:57  Ultralisk x5  
  151  15:11  Overlord x3  
  150  15:19  Zergling x2  
  150  15:20  Zergling x20  
  161  15:35  Zerg Flyer Weapons Level 3  
  139  16:13  Anabolic Synthesis  
  139  16:17  Ultralisk x2  
  139  16:18  Ultralisk x2  
  140  16:19  Zergling x2  
  140  16:20  Zergling x34  
  154  16:37  Infestor x3  
  154  16:38  Extractor  
  159  16:43  Zerg Ground Armor Level 3  
  163  16:47  Drone x8  
  165  17:08  Overseer x3  
  165  17:13  Drone x3  
  155  17:40  Mutalisk x3  
  155  17:41  Mutalisk x4  
  169  17:44  Drone  
  169  17:45  Drone x13  
  183  18:01  Queen  
  183  18:03  Drone  
  183  18:05  Drone x3, Extractor  
  189  18:08  Baneling x6  
  189  18:09  Baneling  
  190  18:24  Zergling x2  
  190  18:26  Drone  
  180  18:58  Ultralisk  
  180  18:59  Ultralisk x2  
  180  19:00  Zergling x6  
  180  19:01  Zergling x4  
  191  19:10  Hatchery x2  
  189  19:25  Overlord x2  
  189  19:27  Baneling  
  189  19:28  Baneling x9  
  189  19:43  Extractor  
  189  19:44  Drone x3  
  102  20:03  Extractor  
  102  20:04  Extractor  
Tags
 
Matchup
TvZ
Opening
Pool First
Replay Pack
Multiplayer
Spawn Locations
Cross Positions
Add a new tag
Caveats
  • Supply blocks, unpowered buildings, or Contaminate may cause inaccurate times.
  • Supply counts are checked every 10 seconds.